 Dungeon Crawl Stone Soup version 0.25.1-2-g60ff931df9 (webtiles) character file.

Game seed: 14768503910699176113

126 Erymatos the Chopper (level 4, 0/42 HPs)
             Began as a Minotaur Berserker on Nov 11, 2020.
             Was a Believer of Trog.
             Slain by an ogre
             ... wielding a +0 giant club
              (24 damage)
             ... on level 3 of the Dungeon.
             The game lasted 00:01:42 (2514 turns).

Erymatos the Chopper (Minotaur Berserker)           Turns: 2514, Time: 00:01:42

Health: 0/42       AC:  2    Str: 29    XL:     4   Next: 84%
Magic:  3/3        EV: 12    Int:  4    God:    Trog [**....]
Gold:   53         SH:  0    Dex:  9    Spells: 3/3 levels left

rFire    . . .     SeeInvis .   a - +0 hand axe
rCold    . . .     Gourm    .   (no shield)
rNeg     . . .     Faith    .   b - +0 animal skin
rPois    .         Spirit   .   (helmet restricted)
rElec    .         Reflect  .   d - scarf {harm}
rCorr    .         Harm     +   (no gloves)
MR       .....                  (no boots)
Stlth    +.........             (no amulet)
HPRegen  0.14/turn              j - +6 ring of strength
MPRegen  0.08/turn              (no ring)

@: no status effects
A: retaliatory headbutt, horns 2
a: Berserk, Trog's Hand, Renounce Religion


You were on level 3 of the Dungeon.
You worshipped Trog.
Trog was pleased with you.
You were not hungry.

You visited 1 branch of the dungeon, and saw 3 of its levels.

You collected 53 gold pieces.

Inventory:

Hand Weapons
 a - a +0 hand axe (weapon)
Armour
 b - a +0 animal skin (worn)
 d - a scarf of harm (worn)
Jewellery
 j - a +6 ring of strength (left hand)
Scrolls
 e - 3 scrolls of identify {unknown}
 f - 3 scrolls of enchant armour {unknown}
 g - a scroll of immolation {unknown}
 k - 2 scrolls of remove curse {unknown}
 s - a scroll of teleportation {unknown}
Potions
 h - a potion of stabbing {unknown}
 i - 2 potions of lignification {unknown}
 m - a potion of degeneration {unknown}
 n - a potion of ambrosia {unknown}
 o - a potion of flight {unknown}
 p - a potion of haste {unknown}
 q - a potion of might {unknown}
 r - a potion of cancellation {unknown}
Comestibles
 c - 3 rations
 l - a chunk of flesh


   Skills:
 + Level 5.0 Fighting
 + Level 5.2 Axes
 + Level 3.0 Armour
 + Level 2.5 Dodging


You had 3 spell levels left.
You didn't know any spells.
Your spell library was empty.

Dungeon Overview and Level Annotations

Branches:
Dungeon (3/15)

Altars:
Ashenzari
Kikubaaqudgha
Trog
Yredelemnul


Innate Abilities, Weirdness & Mutations

You reflexively headbutt those who attack you in melee.
You have a pair of horns on your head.


Message History

You slash the bat!
You kill the bat!
Trog accepts your kill.
An ogre comes into view. It is wielding a +0 giant club.
The ogre shouts!
Unknown command.
An ogre is nearby!
Unknown command.
An ogre is nearby!
The ogre hits you with a +0 giant club!
Unknown command.
An ogre is nearby!
You slash the ogre!
The ogre is heavily wounded.
Unknown command.
You hit the ogre.
The ogre is severely wounded.
The ogre hits you with a +0 giant club!!
Ouch! That really hurt!
You die...

.# #######.# #....##.#
#.##.##.#######
#.##.##.#.....#
#......>......####
#..#.#............
#######..#..........#
#....รท.....#....@O..#
#.###########.#######
#.##### #.# #.....#
#.# #####.# #+# #.#
###.# ##>#.# ##....###


You could see an ogre.

Vanquished Creatures
  6 adders
  3 worms
  2 dart slugs (D:1)
  A leopard gecko (D:2)
  5 giant cockroaches
  9 goblins
  5 hobgoblins
  3 jackals (D:1)
  7 kobolds
  A quokka (D:2)
  4 bats
  5 frilled lizards
  7 rats
58 creatures vanquished.

Notes
Turn   | Place    | Note
-------+----------+-------------------------------------------
     0 | D:1      | Erymatos the Minotaur Berserker began the quest for the
                  | Orb.
     0 | D:1      | Reached XP level 1. HP: 19/19 MP: 0/0
     4 | D:1      | Noticed an elephant
   142 | D:1      | Reached XP level 2. HP: 21/27 MP: 1/1
   754 | D:1      | Noticed a death yak
  1023 | D:1      | Reached XP level 3. HP: 33/33 MP: 2/2
  1199 | D:2      | Reached ** piety under Trog
  1491 | D:2      | Reached XP level 4. HP: 41/41 MP: 3/3
  1597 | D:2      | Reached skill level 5 in Axes
  1602 | D:2      | Found a shattered altar of Ashenzari.
  1704 | D:2      | Found an ancient bone altar of Kikubaaqudgha.
  2047 | D:2      | Found a bloodstained altar of Trog.
  2276 | D:3      | Found a basalt altar of Yredelemnul.
  2343 | D:3      | Reached skill level 5 in Fighting
  2509 | D:3      | Noticed an ogre
  2514 | D:3      | Slain by an ogre

Illustrated notes

Levels and vault maps discovered:
D:1:      sevenhm_arrival_forest_fort_small_2, layout_basic
D:2:      layout_loops_ring, evilmike_ruin_ashenzari, lemuel_round_altar,
          kiku_gazebo_garden_becter
D:3:      layout_loops_corners, yredelemnul_altar_generic

Skill      XL: |  1  2  3  4 |
---------------+-------------+-----
Axes           | 4 5 |  5.2
Fighting       | 4 5 |  5.0
Armour         | 3 |  3.0
Dodging        | |  2.5

Action                   |  1- 3 |  4- 6 || total
-------------------------+-------+-------++-------
Melee: Hand axe          |    66 |    40 ||   106
       Headbutt          |     7 |     6 ||    13
  Eat: Chunk             |     2 |     3 ||     5
Armor: Animal skin       |     9 |     3 ||    12
Dodge: Dodged            |    40 |    23 ||    63
